 Dungeon Crawl Stone Soup version 0.19-a0-49-gb8736b8 (webtiles) character file.

113 mrath the Cudgeler (level 4, 0/39 HPs)
             Began as a Minotaur Fighter on May 7, 2016.
             Succumbed to an adder's poison
             ... on level 3 of the Dungeon.
             The game lasted 00:08:15 (2329 turns).

mrath the Cudgeler (Minotaur Fighter)               Turns: 2329, Time: 00:08:15

Health: 0/39       AC:  6    Str: 21    XL:     4   Next: 65%
Magic:  3/3        EV:  7    Int:  5    God:
Gold:   136        SH:  9    Dex: 10    Spells: 0 memorised, 3 levels left

rFire  . . .     SeeInvis .     a - +0 flail
rCold  . . .     Gourm    .     b - +0 scale mail
rNeg   . . .     Faith    .     c - +0 shield
rPois  .         Spirit   .     (helmet restricted)
rElec  .         Dismiss  .     (no cloak)
rCorr  .         Reflect  .     (no gloves)
SustAt .         Harm     .     (no boots)
MR     .....                    (no amulet)
Stlth  ..........               (no ring)
                                (no ring)

@: lethally poisoned (0 -> -5), not resistant to hostile enchantments, extremely
unstealthy
A: retaliatory headbutt, horns 2
a: no special abilities


You were on level 3 of the Dungeon.
You were not hungry.

You visited 1 branch of the dungeon, and saw 3 of its levels.

You collected 136 gold pieces.

Inventory:

Hand Weapons
 a - a +0 flail (weapon)
Missiles
 h - 100 stones (quivered)
 m - 28 poisoned needles
 q - 60 sling bullets
Armour
 b - a +0 scale mail (worn)
 c - a +0 shield (worn)
Jewellery
 e - an uncursed amulet of dismissal {unknown}
 k - an uncursed amulet of the gourmand {unknown}
Wands
 u - a wand of slowing (5/48)
Scrolls
 g - 3 scrolls of teleportation {unknown}
 i - 4 scrolls of identify {unknown}
 j - a scroll of enchant armour {unknown}
 p - 2 scrolls of remove curse {unknown}
 s - a scroll of amnesia {unknown}
 t - a scroll of enchant weapon {unknown}
Potions
 d - a potion of might
 o - 2 potions of curing {unknown}
 r - a potion of lignification {unknown}
Comestibles
 f - 2 bread rations
 l - 7 chunks of flesh
 n - a meat ration


   Skills:
 - Level 3.6 Fighting
 + Level 5.9 Maces & Flails
 - Level 3.6 Armour
 - Level 3.6 Shields


You had 3 spell levels left.
You didn't know any spells.

Dungeon Overview and Level Annotations

Branches:
Dungeon (3/15)

Altars:
Cheibriados
Makhleb


Innate Abilities, Weirdness & Mutations

You reflexively headbutt those who attack you in melee.
You have a pair of horns on your head.


Message History

You block the adder's attack. The adder bites you.
* * * LOW HITPOINT WARNING * * *
You are poisoned.
The adder poisons you!
You feel sick.
You feel sick. The adder bites you.
* * * LOW HITPOINT WARNING * * *
* * * LOW HITPOINT WARNING * * *
You feel sick. The adder bites you.
* * * LOW HITPOINT WARNING * * *
You are more poisoned.
The adder poisons you!
You thump the adder!
The adder is severely wounded.
The adder bites you but does no damage.
You sock the adder!
You kill the adder!
You die...

###. #. ..<. #. .# #### #. .#
####...# #. .# ###### #..).}.# #.
## #....# #..# ## ## #....# #
#..######## .# #....# #.######
#.......... .# #....#
#..@.g.###.......##. .# #....#
######...........##. ## #....#
#................#.. #
#....####.#######..........# #
##.........# #.........##
#####.....###### ####........#
#......##......# #......#....##
#.....###......#####.#....#......
#.......#......#......รท...#......


You could see a gnoll.

Vanquished Creatures
  A gnoll (D:3)
  2 adders (D:3)
  An ooze (D:3)
  A worm (D:2)
  3 dart slugs
  A giant gecko (D:3)
  An orc (D:3)
  4 giant cockroaches
  12 goblins
  10 hobgoblins
  7 jackals (D:3)
  5 kobolds
  A ball python (D:2)
  7 bats
  A giant newt (D:2)
  8 rats
65 creatures vanquished.

Notes
Turn   | Place    | Note
--------------------------------------------------------------
     0 | D:1      | mrath the Minotaur Fighter began the quest for the Orb.
     0 | D:1      | Reached XP level 1. HP: 19/19 MP: 0/0
   298 | D:1      | Reached skill level 3 in Maces & Flails
   337 | D:1      | Reached XP level 2. HP: 25/26 MP: 1/1
   665 | D:1      | Reached skill level 4 in Maces & Flails
   880 | D:1      | Reached XP level 3. HP: 31/31 MP: 2/2
  1246 | D:2      | Found a burning altar of Makhleb.
  1903 | D:3      | Reached skill level 5 in Maces & Flails
  2120 | D:3      | Reached XP level 4. HP: 39/39 MP: 3/3
  2262 | D:3      | Found a snail-covered altar of Cheibriados.
  2327 | D:3      | HP: 1/39 [adder (1)]
  2329 | D:3      | Succumbed to an adder's poison

Vault maps used:
D:1:      dpeg_arrival_houses_and_road, minmay_cupped
D:2:      lemuel_round_altar
D:3:      nicolae_overflow_hidden_temple, cheibriados_altar_wand_db,
          amalloy_card_club

Skill      XL: |  1  2  3 |
---------------+----------+-----
Maces & Flails | 3 4 5 |  5.9
Fighting       | |  3.6
Armour         | |  3.6
Shields        | |  3.6

Action                   |  1- 3 |  4- 6 || total
-------------------------+-------+-------++-------
Melee: Flail             |   121 |    34 ||   155
       Headbutt          |    15 |     2 ||    17
Throw: Stone             |     1 |     2 ||     3
  Eat: Chunk             |     4 |     1 ||     5
Armor: Scale mail        |    51 |    21 ||    72
Dodge: Dodged            |    39 |     8 ||    47
Block: Shield            |    57 |    22 ||    79
